 Dungeon Crawl Stone Soup version 0.30-a0-586-g23e55c9e0a (console) character file.

Game seed: 3149981147219896598

34 petzl the Sneak (level 3, -6/29 HPs)
             Began as a Formicid Delver on Jan 3, 2023.
             Splashed by a jelly's acid (8 damage)
             ... on level 4 of the Dungeon.
             The game lasted 00:02:24 (450 turns).

petzl the Sneak (Formicid Delver)                    Turns: 450, Time: 00:02:24

Health: -6/29      AC: -9    Str: 16    XL:     3   Next: 50%
Magic:  7/7        EV: 12    Int: 11    God:
Gold:   13         SH:  0    Dex: 15    Spells: 7/7 levels left

rFire   . . .      SeeInvis +    a - +0 mace
rCold   . . .      Faith    .    (no shield)
rNeg    . . .      Spirit   .    b - +0 leather armour
rPois   .          Reflect  .    (helmet unavailable)
rElec   .          Harm     .    (no cloak)
rCorr   .          Rampage  .    (no gloves)
Will    .....                    (no boots)
Stlth   +++                      (no amulet)
HPRegen 0.24/turn                (no ring)
MPRegen 0.10/turn                (no ring)

@: corroded
A: permanent stasis, dig shafts and tunnels, antennae 3, four strong arms
a: Dig, Shaft Self


You were on level 4 of the Dungeon.
You visited 1 branch of the dungeon, and saw 3 of its levels.

You collected 13 gold pieces.

Inventory:

Hand Weapons
 a - a +0 mace (weapon)
Armour
 b - a +0 leather armour (worn)
Wands
 g - a wand of digging (3)
Scrolls
 c - a scroll of fog
 d - a scroll of magic mapping
 e - a scroll of fear
 i - a scroll of identify {unknown}
Potions
 f - a potion of haste
 h - a potion of degeneration {unknown}


   Skills:
 - Level 3.2 Fighting
 - Level 2.0 Maces & Flails
 - Level 1.7 Dodging
 - Level 6.0 Stealth
 + Level 2.8 Spellcasting


You had 7 spell levels left.
You didn't know any spells.
Your spell library was empty.

Dungeon Overview and Level Annotations

Branches:
Dungeon (6/15)
 Temple: D:4-7

Altars:

Annotations:
D:4 exclusion: downstairs
D:5 exclusion: downstairs


Innate Abilities, Weirdness & Mutations

You cannot be hasted, slowed, berserked, paralysed or teleported.
You can dig through walls and to a lower floor.
You have a pair of large antennae on your head. (SInv)
Your four strong arms can wield two-handed weapons with a shield.


Message History

i - a scroll labelled YTEGROACA As you open the door, it creaks loudly!
There is an open door here.
Found a stone staircase leading down.
You sense a monster nearby.
There is a stone staircase leading down here.
You climb downwards.
Level annotation: exclusion: downstairs
Found a battleaxe, a ring mail and a chain mail.
There is a stone staircase leading up here.
You climb upwards.
There is a stone staircase leading down here.
Press: ? - help, v - describe, . - travel A stone staircase leading down.
Placed new exclusion.
Reduced exclusion size to a single square.
Unknown command.
Unknown command.
You open the door.
There is an open door here.
A dart slug and a jelly come into view.
There is an open door here.
You close the door.
There is a stone staircase leading down here.
There is an open door here.
As you open the door, it creaks loudly!
There is an open door here.
The jelly jiggles.
You open the door. You thump the jelly! The acid corrodes you!
Your hands burn!
The jelly is heavily wounded.
The jelly hits you.
You are splashed with acid!
You hit the jelly.
Your hands burn!
The jelly is severely wounded.
The jelly hits you. The acid corrodes you!
You are splashed with acid.
* * * LOW HITPOINT WARNING * * *
The jelly hits you.
* * * LOW HITPOINT WARNING * * *
The acid corrodes you!
You are splashed with acid!
You die...

#...#........+
#...#........#
#...#........# ...
#...#J.......# ..
#...#........# ..#
#...#........# ..#
#...#........#...#
#...#.{......#...#
#...#........'...#
#...#........#...#
#...#........# ..#
#...#........# .#
#...#........# #
#...#........#
#...#........#
#..>#......###
#...#...w..#
#..J#......# #..@#
..J.. ####'#.w....
#...........
#.....######
#.....# #.....#
#.....# #.....#
###+###


You could see a jelly.

Vanquished Creatures
  An iguana (D:6)
  An adder (D:5)
2 creatures vanquished.

Notes
Turn   | Place    | Note
-------+----------+-------------------------------------------
     0 | D:5      | petzl the Formicid Delver began the quest for the Orb.
     0 | D:5      | Reached XP level 1. HP: 18/18 MP: 1/1
    27 | D:5      | Reached skill level 1 in Spellcasting
    27 | D:5      | Reached XP level 2. HP: 15/24 MP: 1/4
   104 | D:6      | Reached XP level 3. HP: 6/29 MP: 5/7
   258 | D:6      | Noticed a wight
   258 | D:6      | Noticed a wight
   258 | D:6      | Noticed a wight
   258 | D:6      | Noticed a wight
   259 | D:6      | Noticed a water moccasin
   306 | D:5      | Noticed a necrophage
   364 | D:5      | Noticed a phantom
   450 | D:4      | Splashed by a jelly's acid

Illustrated notes

Levels and vault maps discovered:
D:4:      layout_gridville, amethyst_overflow_temple_binary,
          kennysheep_flooded_box, uniq_robin
D:5:      cheibrodos_fzero, layout_loops_ring, dk_noncrumbling_3,
          chequers_avenue
D:6:      layout_cave_pods, cheibrodos_ashenzari_chains,
          minmay_temple_entry_waves

Skill      XL: |  1  2 |
---------------+-------+-----
Spellcasting   | 1 2 |  2.8
Fighting       | |  3.2
Maces & Flails | |  2.0
Dodging        | |  1.7
Stealth        | |  6.0

Action                   || total
-------------------------++-------
Melee: Mace              ||    13
 Stab: Sleeping          ||     1
Armor: Leather armour    ||     1
Dodge: Dodged            ||     6

Table legend: (Time is in decaauts)
 A = Elapsed time spent in this place.
 B = Non-inter-level travel time spent in this place.
 C = Inter-level travel time spent in this place.
 D = Time resting spent in this place.
 E = Time spent auto-exploring this place.
 F = Levels seen in this place.
 G = Mean time per level.
                   A        B        C        D        E       F      G
               +--------+--------+--------+--------+--------+-----+--------+
         Total |    453 |    453 |      0 |    132 |     43 |   3 |  151.0 |
       Dungeon |    453 |    453 |      0 |    132 |     43 |   3 |  151.0 |
               +--------+--------+--------+--------+--------+-----+--------+

Top non-repeatable levels by time:
     D:6: 196 daAuts
     D:5: 142 daAuts
     D:4: 115 daAuts
